 Dungeon Crawl Stone Soup version 0.30.0-30-g96aa6591b8 (webtiles) character file.

Game seed: 11287345115336455839

12628 croobank the Sneak (level 12, -4/89 HPs)
             Began as a Human Fire Elementalist on June 26, 2023.
             Was an Initiate of Gozag.
             Slain by a manticore (10 damage)
             ... on level 11 of the Dungeon.
             The game lasted 00:51:25 (13827 turns).

croobank the Sneak (Human Fire Elementalist)       Turns: 13827, Time: 00:51:26

Health: -4/89      AC: 10    Str: 15    XL:     12   Next: 22%
Magic:  19/21      EV: 14    Int: 22    God:    Gozag
Gold:   1153       SH:  0    Dex: 14    Spells: 2/23 levels left

rFire   + + .        b - +6 war axe (spect)
rCold   x . .        (no shield)
rNeg    . . .        P - +2 leather armour of the Accordion {Drain Str+5 Int+3}
rPois   .            N - +0 helmet
rElec   .            T - +1 cloak {Stlth+}
rCorr   .            (no gloves)
SInv    .            h - +0 pair of boots
Will    .....        q - amulet of regeneration
Stlth   ++++         I - ring of fire
HPRegen 1.14/turn    M - ring of protection from fire
MPRegen 0.17/turn

%: no passive effects
@: no status effects
A: no striking features
a: Renounce Religion, Potion Petition, Call Merchant, Bribe Branch


You were on level 11 of the Dungeon.
You worshipped Gozag.
Gozag was most pleased with you.
You visited 1 branch of the dungeon, and saw 11 of its levels.

You collected 2215 gold pieces.
You spent 974 gold pieces at shops.
You paid 88 gold pieces to Gozag.

Inventory:

Hand Weapons
 a - a +5 dagger
 b - a +6 spectral war axe (weapon)
 d - a +0 short sword
 z - a +2 antimagic quarterstaff
 A - a +0 quarterstaff of venom
 K - a +1 war axe of flaming
Missiles
 j - 5 datura-tipped darts (quivered)
 l - 4 javelins
 s - 35 poisoned darts
 E - 2 throwing nets
 H - 2 atropa-tipped darts
Armour
 h - a +0 pair of boots (worn)
 N - a +0 helmet (worn)
 P - the +2 leather armour of the Accordion (worn) {Drain Str+5 Int+3}
   (You bought it in a shop on level 9 of the Dungeon)

   Str:       It affects your strength (+5).
   Int:       It affects your intelligence (+3).
   Drain:     It drains your maximum health when unequipped.
 T - a +1 cloak of stealth (worn)
Magical Staves
 B - a staff of cold
Jewellery
 o - a ring of flight
 p - a ring of resist corrosion
 q - an amulet of regeneration (around neck)
 y - a +4 ring of protection
 I - a ring of fire (left hand)
 L - a +4 ring of protection
 M - a ring of protection from fire (right hand)
Wands
 x - a wand of mindburst (17)
 D - a wand of paralysis (12)
 Q - a wand of flame (8)
 S - a wand of quicksilver (2)
Scrolls
 g - 4 scrolls of vulnerability
 m - 2 scrolls of magic mapping
 r - a scroll of fear
 t - a scroll of amnesia
 u - a scroll of poison
 F - 5 scrolls of teleportation
Potions
 c - 2 potions of resistance
 e - a potion of flight
 f - 4 potions of mutation
 i - 2 potions of magic
 k - 3 potions of cancellation
 n - 7 potions of lignification
 v - a potion of berserk rage
 C - 4 potions of attraction
 G - a potion of haste
 J - 7 potions of curing
 O - a potion of heal wounds


   Skills:
 - Level 6.7 Fighting
 + Level 4.7 Axes
 - Level 7.2 Armour
 - Level 6.6 Dodging
 - Level 7.2 Stealth
 - Level 6.1 Spellcasting
 - Level 6.3 Conjurations
 - Level 5.0 Hexes
 - Level 1.1 Transmutations
 - Level 7.0 Fire Magic
 - Level 1.0 Poison Magic


You had 2 spell levels left.
You knew the following spells:

 Your Spells              Type           Power      Damage    Failure   Level
a - Foxfire               Conj/Fire      100%       2x1d9     1%          1
b - Scorch                Fire           100%       2d9       1%          2
c - Inner Flame           Hex/Fire       49%        N/A       2%          3
d - Searing Ray           Conj           68%        2d6       1%          2
e - Flame Wave            Conj/Fire      53%        2d13      7%          4
f - Spider Form           Tmut/Pois      11%        N/A       21%         3
g - Ensorcelled Hibernat  Hex/Ice        34%        N/A       6%          2
h - Iskenderun's Mystic   Conj/Tloc      20%        2d6       28%         4

Your spell library contained the following spells:

 Spells                   Type           Power      Damage    Failure   Level
 Magic Dart               Conj           100%       1d8       1%          1
 Slow                     Hex            100%       N/A       1%          1
 Sandblast                Erth           12%        2d6       11%         1
 Passwall                 Tmut/Erth      7%         N/A       13%         2
 Cigotuvi's Dreadful Rot  Necr/Pois/Air  16%        N/A       14%         2
 Blink                    Tloc           12%        N/A       16%         2
 Lesser Beckoning         Tloc           12%        N/A       16%         2
 Dazzling Flash           Conj/Hex       62%        N/A       3%          3
 Confusing Touch          Hex            28%        N/A       4%          3
 Volatile Blastmotes      Fire/Tloc      66%        2d15      8%          3
 Ignite Poison            Fire/Tmut/Pois 30%        N/A       9%          3
 Stone Arrow              Conj/Erth      40%        3d9       9%          3
 Fulminant Prism          Conj/Hex       15%        3d10      11%         4
 Cause Fear               Hex            14%        N/A       14%         4
 Gell's Gravitas          Tloc           6%         N/A       32%         3
 Swiftness                Air            6%         N/A       32%         3
 Teleport Other           Tloc           6%         N/A       32%         3
 Vampiric Draining        Necr           6%         2d6       32%         3
 Anguish                  Hex/Necr       8%         N/A       36%         4
 Manifold Assault         Tloc           6%         N/A       71%         4
 Silence                  Hex/Air        8%         N/A       71%         5
 Starburst                Conj/Fire      26%        6d8       71%         6
 Freezing Cloud           Conj/Ice/Air   8%         6-21      77%         5
 Agony                    Necr           6%         N/A       96%         5
 Enfeeble                 Hex            14%        N/A       100%        7
 Storm Form               Tmut/Air       4%         N/A       100%        7


Dungeon Overview and Level Annotations

Branches:
Dungeon (11/15)            Temple (0/1) D:6            Lair (0/5) D:9
    Orc (0/2) D:10

Altars:
Ashenzari
Dithmenos
Elyvilon
Gozag
Hepliaklqana
Makhleb
Nemelex Xobeh
Okawaru
Ru
Uskayaw
Vehumet
Wu Jian
Xom
Yredelemnul
The Shining One

Shops:
D:1 *   D:2 !   D:6 **   D:8 :   D:9 :[=*[

Annotations:
D:6 2 transporters, mkat's ghost, novice KoWn
D:11 2 transporters


Message History

The manticore claws you but does no damage.
The manticore claws you.
You barely miss the manticore.
The manticore is heavily wounded.
The manticore bites you.
The manticore claws you but does no damage.
The manticore barely misses you.
You closely miss the manticore.
The manticore is heavily wounded.
The manticore closely misses you.
The manticore claws you but does no damage.
The manticore barely misses you.
You hit the manticore but do no damage.
The manticore is heavily wounded.
The manticore barely misses you. x2; The manticore completely misses you.
You hit the manticore but do no damage.
The manticore is heavily wounded.
The manticore bites you! The manticore misses you. The manticore claws you!
The manticore barely misses you. x3
You slash the manticore!
The manticore is severely wounded.
The manticore closely misses you. The manticore claws you.
The manticore closely misses you.
You hit the manticore.
The manticore is severely wounded.
The manticore bites you!
* * * LOW HITPOINT WARNING * * *
The manticore claws you!
* * * LOW HITPOINT WARNING * * *
The manticore barely misses you.
Casting: Scorch (safe; 1% risk of failure)
Confirm with . or Enter, or press ? or * to list all spells.
You feel a surge of power!
Flames lash the manticore.
The manticore is almost dead.
The manticore's fire resistance burns away.
The manticore bites you!
* * * LOW HITPOINT WARNING * * *
The manticore claws you!
You die...
Your body crumbles into a pile of gold.

....... #.# ##..... #.# #.####
#.# # # #.# #### #.# #... #.#
#.#.## #. #H# ###.#.## #.# #@#
......#. #.# #.# #.# #.....
##.# #.# #.# ##..#. ..# #.# #.#
#..#. ## #.# #.# ##.# #..#. #
##.# #.###.######..####..#. #.
#.≈# #.....................
#.##≈~####.######............##
#.#≈~##.##..# #.........#..##


You could see a manticore (combustible).

Vanquished Creatures
  2 two-headed ogres
  Lodul (D:10)
  Pikel (D:9)
  A cyclops (D:11)
  Maurice (D:10)
  An elephant (D:9)
  Joseph (D:10)
  A komodo dragon (D:9)
  An unseen horror (D:10)
  A troll (D:9)
  Grinder (D:5)
  2 hornets
  A wyvern (D:9)
  2 shadows
  10 yaks
  Eustachio (D:5)
  4 vampire mosquitoes
  A steam dragon (D:8)
  2 acid dragons
  2 sky beasts
  5 black bears
  An ice beast (D:6)
  8 orc warriors
  6 centaurs
  9 ogres
  4 lemures (D:9)
  2 phantoms (D:5)
  A kobold brigand (D:9)
  2 bullfrogs
  A scorpion (D:7)
  A gnoll sergeant (D:11)
  4 wights
  3 killer bees (D:11)
  6 jellies
  6 hounds
  8 orc priests
  4 sleepcaps
  7 iguanas
  9 orc wizards
  8 gnolls
  9 adders
  A shadow imp (D:4)
  4 white imps
  2 ufetubi
  5 worms
  2 dart slugs
  24 orcs
  10 ball pythons
  10 endoplasms
  5 giant cockroaches
  A goblin (D:1)
  6 hobgoblins
  2 jackals (D:3)
  17 kobolds
  4 quokkas
  5 bats
  A frilled lizard (D:1)
  7 rats
247 creatures vanquished.

Vanquished Creatures (collateral kills)
  2 foxfires (D:2)
2 creatures vanquished.

Vanquished Creatures (others)
  181 foxfires
181 creatures vanquished.

Grand Total: 430 creatures vanquished

Notes
Turn   | Place    | Note
-------+----------+-------------------------------------------
     0 | D:1      | croobank the Human Fire Elementalist began the quest for
                  | the Orb.
     0 | D:1      | Reached XP level 1. HP: 13/13 MP: 3/3
   234 | D:1      | Reached XP level 2. HP: 19/19 MP: 3/5
   237 | D:1      | Learned a level 2 spell: Scorch
   607 | D:1      | Reached XP level 3. HP: 24/24 MP: 3/6
   611 | D:1      | Learned a level 3 spell: Inner Flame
   883 | D:1      | Found Pompep's General Store.
   916 | D:1      | Bought a potion of degeneration for 11 gold pieces
  1330 | D:2      | Found a sacrificial altar of Ru.
  1496 | D:2      | Reached XP level 4. HP: 29/30 MP: 0/7
  1653 | D:2      | Found Telexuiss's Distillery.
  2247 | D:3      | Reached XP level 5. HP: 35/36 MP: 3/8
  2294 | D:3      | Reached skill level 1 in Fighting
  2447 | D:3      | Found a radiant altar of Vehumet.
  3518 | D:4      | Reached XP level 6. HP: 44/44 MP: 10/10
  3612 | D:4      | Noticed a black bear
  3621 | D:4      | Killed a black bear
  3771 | D:4      | Found a white marble altar of Elyvilon.
  3888 | D:5      | Entered Level 5 of the Dungeon
  4002 | D:5      | Reached XP level 7. HP: 51/51 MP: 8/11
  4145 | D:5      | Noticed Eustachio
  4247 | D:5      | Identified a scroll of acquirement
  4247 | D:5      | Acquired a book of Conjurations
  4562 | D:5      | Noticed Grinder
  4580 | D:5      | Killed Eustachio
  4581 | D:5      | Reached XP level 8. HP: 50/58 MP: 10/13
  4874 | D:5      | Learned a level 2 spell: Searing Ray
  5073 | D:5      | Found an ornate altar of the Wu Jian Council.
  5166 | D:5      | Found an opulent altar of Gozag.
  5233 | D:5      | Became a worshipper of Gozag Ym Sagoz the Greedy
  5244 | D:5      | Found a broken altar of Ashenzari.
  5329 | D:5      | Paralysed by Grinder for 5 turns
  5335 | D:5      | Killed Grinder
  5336 | D:5      | Reached skill level 1 in Hexes
  6195 | D:6      | Reached skill level 5 in Fire Magic
  6200 | D:6      | Reached XP level 9. HP: 66/66 MP: 8/15
  6435 | D:6      | Found a hide-covered altar of Uskayaw.
  6500 | D:6      | Reached skill level 5 in Stealth
  6621 | D:6      | Noticed a hornet
  6623 | D:6      | Noticed a queen bee
  6629 | D:6      | Noticed mkat's ghost (novice KoWn)
  6630 | D:6      | Found a transporter.
  6635 | D:6      | Found a transporter.
  6637 | D:6      | Found a staircase to the Ecumenical Temple.
  6789 | D:2      | Bought a potion of heal wounds for 70 gold pieces
  6789 | D:2      | Bought a potion of might for 56 gold pieces
  7061 | D:6      | Found Gacaph's Specific Store.
  7065 | D:6      | Found Pein's General Store.
  7341 | D:7      | Found a glowing golden altar of the Shining One.
  7560 | D:7      | Found a sacrificial altar of Ru.
  7570 | D:7      | Reached skill level 5 in Fighting
  7806 | D:7      | Reached skill level 5 in Dodging
  8554 | D:8      | Reached skill level 5 in Spellcasting
  8554 | D:8      | Reached XP level 10. HP: 74/74 MP: 12/17
  8632 | D:8      | Found a shadowy altar of Dithmenos.
  8735 | D:8      | Found a shimmering altar of Xom.
  8738 | D:8      | Found a shimmering altar of Xom.
  8739 | D:8      | Found a shimmering altar of Xom.
  8740 | D:8      | Found a shimmering altar of Xom.
  8740 | D:8      | Found a shimmering altar of Xom.
  8742 | D:8      | Found a shimmering altar of Xom.
  8934 | D:8      | Reached skill level 5 in Conjurations
  8981 | D:8      | Found Ujack's Book Emporium.
  9001 | D:8      | Learned a level 4 spell: Flame Wave
  9149 | D:8      | Noticed a two-headed ogre
  9157 | D:8      | HP: 3/75 [two-headed ogre/+0 giant spiked club (19)]
  9158 | D:8      | Killed a two-headed ogre
  9339 | D:8      | Found a basalt altar of Yredelemnul.
  9353 | D:8      | Found a burning altar of Makhleb.
  9418 | D:8      | Found an iron altar of Okawaru.
  9504 | D:9      | Found a staircase to the Lair.
  9504 | D:9      | Noticed an elephant
 10089 | D:9      | Found Zam Humu's Assorted Antiques.
 10096 | D:9      | Bought a scroll labelled XIOLU ARUF for 31 gold pieces
 10096 | D:9      | Bought a scroll of identify for 62 gold pieces
 10135 | D:9      | Found Gofut's Antique Armour Shoppe.
 10177 | D:9      | Noticed Pikel
 10178 | D:9      | Found Sumax's Jewellery Shop.
 10200 | D:9      | Killed Pikel
 10555 | D:9      | Reached XP level 11. HP: 82/82 MP: 3/19
 10697 | D:9      | Learned a level 3 spell: Spider Form
 10700 | D:9      | Learned a level 2 spell: Ensorcelled Hibernation
 10726 | D:9      | Killed an elephant
 11176 | D:9      | Reached skill level 5 in Hexes
 11198 | D:9      | Reached skill level 1 in Transmutations
 11199 | D:9      | Reached skill level 1 in Poison Magic
 11513 | D:9      | Found Gowesuss's Book Boutique.
 11518 | D:9      | Bought a book of Spectacle for 520 gold pieces
 11523 | D:9      | Learned a level 4 spell: Iskenderun's Mystic Blast
 11556 | D:9      | Found Qikic's Antique Armour Shop.
 11564 | D:9      | Bought a brightly glowing leather armour for 224 gold
                  | pieces
 11564 | D:9      | Identified the +2 leather armour of the Accordion {Drain
                  | Str+5 Int+3} (You bought it in a shop on level 9 of the
                  | Dungeon)
 11675 | D:9      | Found a sparkling altar of Nemelex Xobeh.
 11756 | D:9      | Found a hazy altar of Hepliaklqana.
 11870 | D:10     | Entered Level 10 of the Dungeon
 11880 | D:10     | Reached skill level 1 in Armour
 12245 | D:10     | Found a staircase to the Orcish Mines.
 12300 | D:10     | Acquired an Inescapable Atlas
 12398 | D:10     | Noticed Lodul
 12405 | D:10     | Killed Lodul
 12406 | D:10     | Reached skill level 5 in Armour
 12423 | D:10     | Noticed a two-headed ogre
 12424 | D:10     | Noticed Maurice
 12427 | D:10     | Killed a two-headed ogre
 12435 | D:10     | Killed Maurice
 12440 | D:10     | Noticed Joseph
 12452 | D:10     | Killed Joseph
 12453 | D:10     | Reached XP level 12. HP: 59/89 MP: 10/21
 13091 | D:11     | Reached skill level 1 in Axes
 13419 | D:11     | Found a transporter.
 13419 | D:11     | Found a transporter.
 13419 | D:11     | Noticed a boulder beetle
 13419 | D:11     | Noticed a boulder beetle
 13827 | D:11     | Slain by a manticore

Illustrated notes

Levels and vault maps discovered:
D:1:      amcnicky_arrival_wind_blow, layout_basic, serial_shops,
          nicolae_shop_statue_plus, nicolae_wormholes
D:2:      layout_loops_cross, serial_shops, shop, basic_altar,
          minmay_gold_behind_fungi
D:3:      layout_basic, fiery_altar_vehumet
D:4:      layout_basic, elyvilon_altar_5
D:5:      kennysheep_six_static_rooms, layout_loops_ring,
          nicolae_wu_jian_wuxing_cycle, mainiacjoe_overflow_swirl,
          kennysheep_generic_room_15, uniq_eustachio, uniq_grinder
D:6:      layout_basic, mainiacjoe_overflow_six_doors_small,
          minmay_temple_entry_purple_smoke, gammafunk_ghost_hive,
          nicolae_specific_store
D:7:      layout_rooms, hangedman_ru_absence,
          mainiacjoe_overflow_concentric_impassable, hangedman_decor_peaks_small
D:8:      layout_gridville, xom_redecorated, nicolae_dithmenos_shadow_blocks,
          mainiacjoe_overflow_paths, bloody_makhleb,
          mainiacjoe_overflow_24_doors, serial_shops, nicolae_shop_peninsula
D:9:      layout_loops_ring, worldfamousw_hep_ancestral_shrine,
          kennysheep_little_box, david_lair_generic, serial_shops, shop, shop,
          nicolae_shop_crystal, shop, nicolae_shop_pleasant_corner_grove,
          minmay_statues_item, hangedman_corner_corridor, uniq_pikel
D:10:     dreamdust_cave_troll, layout_cave_pools, david_orc_4, uniq_maurice,
          uniq_joseph, uniq_lodul
D:11:     gammafunk_boulding_lane, layout_loops_ring,
          chequers_serial_rivers_small_b

Skill      XL: |  1  2  3  4  5  6  7  8  9 10 11 12 |
---------------+-------------------------------------+-----
Fighting       | 1 2 3 4 5 6 |  6.7
Conjurations   | 2 3 4 5 6 |  6.3
Stealth        | 3 4 5 6 7 |  7.2
Dodging        | 3 4 5 6 |  6.6
Spellcasting   | 3 4 5 6 |  6.1
Fire Magic     | 4 5 6 7 |  7.0
Hexes          | 1 3 4 5 |  5.0
Transmutations | 1 |  1.1
Poison Magic   | 1 |  1.0
Armour         | 7 |  7.2
Axes           | 4 |  4.7

Action                     |  1- 3 |  4- 6 |  7- 9 | 10-12 || total
---------------------------+-------+-------+-------+-------++-------
  Melee: Unarmed           |     1 |       |       |    20 ||    21
         Short sword       |    24 |    23 |       |       ||    47
         Punch             |     1 |       |     1 |       ||     2
         Dagger            |       |    49 |   120 |    99 ||   268
         War axe           |       |       |       |    30 ||    30
  Throw: Dart              |       |       |     4 |     1 ||     5
         Throwing net      |       |       |       |     2 ||     2
   Cast: Foxfire           |    24 |    24 |    42 |    17 ||   107
         Scorch            |    16 |    25 |   112 |    90 ||   243
         Searing Ray       |       |       |     1 |    10 ||    11
         Inner Flame       |       |       |     1 |     5 ||     6
         Flame Wave        |       |       |       |     7 ||     7
         Ensorcelled Hiber |       |       |       |     4 ||     4
         Spider Form       |       |       |       |     2 ||     2
         Iskenderun's Myst |       |       |       |     1 ||     1
  Evoke: Wand              |       |       |       |     6 ||     6
    Use: Potion            |     1 |       |     6 |     5 ||    12
         Scroll            |       |       |    12 |    12 ||    24
   Stab: Sleeping          |     4 |    10 |     6 |    11 ||    31
 Armour: Robe              |     5 |    18 |   110 |    78 ||   211
         Skin              |       |       |    48 |     2 ||    50
         Leather armour    |       |       |       |    26 ||    26
  Dodge: Dodged            |    17 |    62 |   191 |   192 ||   462
